← All builds
Suicide front / Armada / Factory first / OBSERVED BUILD

Standard suicide front

Armada Suicide front build order · Supreme Isthmus

The role's baseline: Bot Lab at 0:21 then straight into reclaim-fed T1 bot production to contest the middle and hold until T2 arrives, with an Advanced Metal Extractor around 9:45.

#rush · 2028 distinct matches · 233 players · 72% of Armada Suicide front games · team won 59% of 2406 · Recently observed

HOW TO PLAY IT

Key timing: Bot Lab by 0:20

  1. Open with mex and lab-first to get Bot Lab up by 0:20.
  2. Expand mex and wind while lab pumps units toward middle.
  3. Push Sentry and early Rocketeer, Centurion to contest middle.
  4. Get T2 constructor out once Pond's boost lets you spare metal.
  5. Upgrade mex to Advanced Metal Extractor as you transition off T1 spam.

Phase by phase

TYPICAL OF ITS 2028 GAMES
  1. 1
  2. 2
  3. 3
PLAY THE OPENING

Follow the example game's first 6:00 step by step: what to build now, what comes next, and where it goes. At 1× it keeps pace with your own game.

  1. 1

    Bot Lab first

    Order
    1. Bot LabBot Lab done ~0:24, middle half 0:20–0:33

    Some games also: mex (44%)

  2. 2

    Bot Lab to 5:00

    Economy
    • Metal Extractor5Mex
    • Wind Turbine4Wind
    Builders
    • Construction Bot3 Con bot
    • Lazarus2 Lazarus
    Army
    • Sentry4 Sentry
    • Rocketeer16 Rocketeer
    • Tick2 Tick
    • Centurion1 Centurion
    Other
    • Radar Tower1 Radar Tower

    Some games also: pawn (38%) · con turret (34%)

    By 5:00 in all: 5 mex · 4 wind

    The example game in this phase · 19 steps
    1. Mex
    2. TickTick ×4
    3. LazarusLazarus ×2
    4. Construction BotCon bot ×3
    5. CenturionCenturion
    6. RocketeerRocketeer ×2
    7. Radar TowerRadar Tower
    8. RocketeerRocketeer
    9. Mex ×2
    10. RocketeerRocketeer ×2
    11. Mex
    12. RocketeerRocketeer ×3
    13. Wind
    14. RocketeerRocketeer ×2
    15. Wind ×2
    16. Converter
    17. RocketeerRocketeer
    18. BeamerBeamer
    19. RocketeerRocketeer
  3. 3

    5:00 to 10:00

    Economy
    • Metal Extractor1Mex
    • Wind Turbine15Wind
    Builders
    • Construction Turret2 Con turret
    • Lazarus2 Lazarus
    • Construction Bot1 Con bot
    Army
    • Sentry1 Sentry
    • Rocketeer8 Rocketeer

    Some games also: pawn (49%) · Radar Tower (46%) · tick (45%) · centurion (44%) · energy storage (42%) · eat Bot Lab (31%)

    By 10:00 in all: 6 mex · 21 wind · 1 energy storage · 2 con turret

    The example game in this phase · 82 steps
    1. RocketeerRocketeer ×4
    2. BeamerBeamer
    3. RocketeerRocketeer ×2
    4. BeamerBeamer
    5. RocketeerRocketeer ×2
    6. BeamerBeamer
    7. RocketeerRocketeer ×2
    8. Dragon's TeethDragon's Teeth ×2
    9. RocketeerRocketeer ×9
    10. Naval Radar / Sonar TowerNaval Radar / Sonar Tower
    11. RocketeerRocketeer
    12. TickTick ×10
    13. Construction BotCon bot ×3
    14. Mex
    15. LazarusLazarus
    16. Wind
    17. LazarusLazarus
    18. PawnPawn ×2
    19. Wind
    20. PawnPawn ×2
    21. Wind
    22. PawnPawn
    23. BeamerBeamer
    24. PawnPawn
    25. Wind
    26. PawnPawn
    27. Wind
    28. PawnPawn ×2
    29. TickTick
    30. Wind
    31. TickTick ×3
    32. Wind
    33. TickTick ×2
    34. Radar TowerRadar Tower
    35. TickTick
    36. BeamerBeamer
    37. TickTick
    38. Wind
    39. TickTick ×3
    40. Wind
    41. TickTick ×4
    42. Wind
    43. TickTick ×3
    44. RocketeerRocketeer
    45. Wind
    46. TickTick ×4
    47. Wind
    48. TickTick ×4
    49. Wind
    50. TickTick ×2
    51. Advanced Metal ExtractorT2 mexdone 12:37 · typical 9:46
    52. Construction BotCon bot
    53. Wind
    54. Metal storage
    55. Wind ×2
    56. Construction BotCon bot
    57. Wind
    58. Construction BotCon bot
    59. Wind
    60. Advanced Metal ExtractorT2 mex
    61. Wind
    62. Construction BotCon bot
    63. Wind
    64. PawnPawn ×2
    65. Wind
    66. PawnPawn ×2
    67. Wind
    68. PawnPawn
    69. SentrySentry
    70. Wind
    71. PawnPawn ×2
    72. Wind
    73. PawnPawn
    74. Wind
    75. PawnPawn
    76. TickTick ×2
    77. Wind
    78. TickTick ×10
    79. Wind
    80. TickTick ×8
    81. Bot LabBot Labnot finished by 15:00
    82. TickTick ×2

Counts are medians over the build's games: half of them build more, half fewer. The example game is Private_Gator's (31 OS, 13/09/2026); pick another.

Team trades

IN AT LEAST 30% OF ITS GAMES

You hand over

Nothing regular.

You get

  • Tidal Generator4 Tidal from Pondfirst at 0:10 · in 68% of games
  • Advanced Construction Bot1 T2 con bot from Geo or Techfirst at 7:41 · in 57% of games

How it plays out

Typical game of this build, running totals by minute

Metal produced

010k20k
0:005:0010:0015:00

metal

Enemy metal destroyed

05k10k
0:005:0010:0015:00

metal

Own metal lost

05k10k
0:005:0010:0015:00

metal

2406 games.

Show as table
ByMetal produced: This buildEnemy metal destroyed: This buildOwn metal lost: This build
1:0023000
2:0088700
3:002008184130
4:003109645501
5:00418413531000
6:00534721831707
7:00654330512589
8:00776039363499
9:00904646894375
10:001041253125161
11:001188958585966
12:001357864076686
13:001539668767455
14:001729675048213
15:001925281069007
WHAT THE NUMBERS SAY

Standard Suicide front play wins a bit over half its games while taking the heaviest own losses of any role by 15:00.

  • + Produces 20142 metal by 15:00, highest of the front roles.
  • + First kill by 2:01 in all games, fastest contest of middle.
  • − Own metal lost hits 9178 by 15:00, more than enemy metal destroyed.
  • − Only 34% Rocketeer share shows army spread thin across many bot types.
THE EXAMPLE YOU ARE READING

Private_Gator

31.0 OS · 13/09/2026

Open source match ↗

6 received units · includes a constructor
142 metal received · 4706 energy received

Allied construction assistance is unknown. Timings are observations, not a promise of solo reproducibility.

Typical milestones

Bot Lab0:24Middle 50%: 0:20–0:33 · n=2398
Advanced Metal Extractor9:46Middle 50%: 8:50–10:58 · n=1738

Played most by

_X_262games of this buildPlatinumBlonde188games of this buildXad166games of this buildTrapCaT109games of this buildSoliloqueur81games of this build